 Dungeon Crawl Stone Soup version 0.18.1-50-g88ac8fd (webtiles) character file.

5 ololoev the Magician (level 1, -10/10 HPs)
             Began as a Deep Elf Earth Elementalist on Dec 6, 2016.
             Killed by divine providence
             ... invoked by an orc priest
              (12 damage)
             ... on level 3 of the Dungeon.
             The game lasted 00:01:30 (155 turns).

ololoev the Magician (Deep Elf Earth Elementalist)   Turns: 155, Time: 00:01:31

Health: -10/10     AC:  2    Str:  5    XL:     1   Next: 66%
Magic:  0/7        EV: 13    Int: 19    God:
Gold:   26         SH:  0    Dex: 15    Spells: 1 memorised, 6 levels left

rFire  . . .     SeeInvis .     b - 46 stones
rCold  . . .     Gourm    .     a - +0 robe
rNeg   . . .     Faith    .     (no shield)
rPois  .         Spirit   .     (no helmet)
rElec  .         Dismiss  .     (no cloak)
rCorr  .         Reflect  .     (no gloves)
SustAt .         Harm     .     (no boots)
MR     .....                    (no amulet)
Stlth  ++........               (no ring)
                                (no ring)

@: not resistant to hostile enchantments, unstealthy
A: no striking features
a: no special abilities

Inventory:

Missiles
 b - 46 stones (in hand)
Armour
 a - a +0 robe (worn)
Potions
 e - a potion of berserk rage {unknown}
Books
 c - a book of Geomancy

   Spells                             Type                      Level
   a - Sandblast                      Earth                        1
   b - Passwall                       Transmutation/Earth          2
   c - Stone Arrow                    Conjuration/Earth            3
   d - Petrify                        Transmutation/Earth          4
   e - Lee's Rapid Deconstruction     Earth                        5
Comestibles
 d - 2 bread rations


   Skills:
 - Level 2.4 Dodging
 - Level 2.4 Stealth
 * Level 3.5 Spellcasting
   Level 1.1 Transmutations
 + Level 3.4 Earth Magic


You had 6 spell levels left.
You knew the following spells:

 Your Spells              Type           Power        Failure   Level  Hunger
a - Sandblast             Erth           ###...       4%          1    None


You were on level 3 of the Dungeon.
You were not hungry.

You visited 1 branch of the dungeon, and saw 3 of its levels.

You collected 26 gold pieces.

#.# #.# #. #.# #.#### #.#
#.#.. #.# #.#.#
#######.###.#.#####
..............#...#
#######@###.#.#†#.##### .
.......o.......<.......
#.#######.#...#..##.##.##
#.######.(.o..#.....# #
#.......###.#.#.#.###
#.#...........#.#.#...
##.#.......#†..#.#.#.###
.................#.#..
.#"......#...###.##.

Notes
Turn   | Place    | Note
--------------------------------------------------------------
     0 | D:1      | ololoev the Deep Elf Earth Elementalist began the quest for the Orb.
     0 | D:1      | Reached XP level 1. HP: 10/10 MP: 6/6
   127 | D:3      | Noticed an orc priest
   128 | D:3      | Noticed an orc wizard
   147 | D:3      | Noticed Grinder
   147 | D:3      | Paralysed by Grinder for 2 turns
   155 | D:3      | Killed from afar by an orc priest

Dungeon Overview and Level Annotations

Branches:
Dungeon (3/15)

Altars:

Annotations:
D:3 Grinder


Message History

Press: ? - help, Shift-Dir - straight line, f/p - giant cockroach
Aim: a giant cockroach (moderately wounded)
The rocky blast hits the giant cockroach.
The giant cockroach is heavily wounded.
The giant cockroach bites you but does no damage.
Casting: Sandblast
Confirm with . or Enter, or press ? or * to list all spells.
Aiming: Sandblast
Press: ? - help, Shift-Dir - straight line, f/p - giant cockroach
Aim: a giant cockroach (heavily wounded, clinging)
The rocky blast hits the giant cockroach.
You kill the giant cockroach!
Found 23 stones.
b - 50 stones (gained 20)
Found a lead wand.
An orc and an orc priest come into view.
The orc priest shouts!
An orc wizard comes into view. It is wielding a dagger.
The orc priest miscasts a cantrip.
The orc priest looks braver for a moment.
You see here 12 sling bullets.
You swing at nothing.
You swing at nothing.
You swing at nothing.
You swing at nothing.
Casting: Sandblast
Confirm with . or Enter, or press ? or * to list all spells.
Aiming: Sandblast
Press: ? - help, Shift-Dir - straight line, f - orc priest
Aim: an orc priest, wearing a scale mail The rocky blast hits the orc priest.
The orc priest invokes the aid of Beogh against you.
You barely resist.
Casting: Sandblast
Confirm with . or Enter, or press ? or * to list all spells.
Aiming: Sandblast
Press: ? - help, Shift-Dir - straight line, f/p - orc priest
Aim: an orc priest, wearing a scale mail The rocky blast hits the orc priest.
The orc priest is moderately wounded.
The orc priest barely misses you.
Casting: Sandblast
Confirm with . or Enter, or press ? or * to list all spells.
Aiming: Sandblast
Press: ? - help, Shift-Dir - straight line, f/p - orc priest
Aim: an orc priest, wearing a scale mail (moderately wounded)
The rocky blast hits the orc priest.
The orc priest is moderately wounded.
The orc priest miscasts a cantrip.
Grinder comes into view.
Grinder shouts!
The orc priest invokes the aid of Beogh against you.
You barely resist. Grinder gestures at you.
You suddenly lose the ability to move!
The orc priest hits you.
Grinder blinks!
You can move again.
Unknown command.
Unknown command.
Unknown command.
Unknown command.
Unknown command.
The orc shouts!
You hear a shout! x2
The orc priest miscasts a cantrip.
Casting: Sandblast
Confirm with . or Enter, or press ? or * to list all spells.
Aiming: Sandblast
Press: ? - help, Shift-Dir - straight line, f/p - orc priest
Aim: an orc priest, wearing a scale mail (moderately wounded)
The rocky blast hits the orc priest.
The orc priest is moderately wounded.
The orc barely misses you.
The orc priest calls down the wrath of Beogh upon you.
Pain shoots through your body!
You hear a zap.
Some rock shatters into small pieces.
The orc priest invokes the aid of Beogh against you.
Beogh smites you!
Ouch! That really hurt!
You die...

You could see an orc priest and an orc.

Vanquished Creatures
  3 giant cockroaches
  A kobold (D:1)
  A rat (D:1)
5 creatures vanquished.

Action                   || total
-------------------------++-------
 Cast: Sandblast         ||    15
Armor: Robe              ||     2
Dodge: Dodged            ||     7

Vault maps used:
D:1:      onia_arrival_pentagram, st_stairs_10
D:2:      minitemple, uniq_crazy_yiuf_cottage
D:3:      first_bread, ecumenical_altar_1, kennysheep_potato, uniq_grinder,
          uniq_natasha
